 Dungeon Crawl Stone Soup version 0.29-a0-925-g0a7a3d12f8 (webtiles) character file.

Game seed: 13717678235208381957

182 IdlyInterested the Cutter (level 5, 0/36 (38) HPs)
             Began as a Demonspawn Wanderer on July 29, 2022.
             Slain by Crazy Yiuf
             ... wielding a +2 quarterstaff of chaos
              (2 damage)
             ... on level 3 of the Dungeon.
             The game lasted 00:09:53 (3259 turns).

IdlyInterested the Cutter (Demonspawn Wanderer)     Turns: 3259, Time: 00:09:53

HP:   0/36 (38)     AC: 10    Str: 11    XL:     5   Next: 35%
MP:   8/8           EV: 16    Int: 16    God:
Gold: 159           SH:  4    Dex: 13    Spells: 8/9 levels left

rFire   . . .      SeeInvis .   a - +2 short sword
rCold   . . .      Faith    .   b - +0 buckler
rNeg    . . .      Spirit   .   l - +0 leather armour
rPois   .          Reflect  .   (helmet restricted)
rElec   .          Harm     .   (no cloak)
rCorr   .          Rampage  .   o - +0 pair of gloves
Will    .....                   (no boots)
Stlth   +.........              (no amulet)
HPRegen 0.12/turn               (no ring)
MPRegen 0.22/turn               (no ring)

@: agile, sanguine armoured, drained
A: antennae 1, demonic guardian 1, magic regeneration, sanguine armour 1
a: no special abilities


You were on level 3 of the Dungeon.
You visited 1 branch of the dungeon, and saw 3 of its levels.

You collected 159 gold pieces.

Inventory:

Hand Weapons
 a - a +2 short sword (weapon)
 q - a +1 dagger of speed
Armour
 b - a +0 buckler (worn)
 d - a +0 robe
 i - a +0 chain mail
 j - a +0 ring mail
 l - a +0 leather armour (worn)
 o - a +0 pair of gloves (worn)
Scrolls
 f - a scroll of teleportation
 r - a scroll of vulnerability {unknown}
 s - a scroll of butterflies {unknown}
Potions
 c - 2 potions of might
 e - 2 potions of magic {unknown}
 g - a potion of experience {unknown}
 h - a potion of mutation
 m - a potion of resistance {unknown}
 n - a potion of degeneration {unknown}
 p - a potion of attraction {unknown}


   Skills:
 - Level 2.0 Fighting
 - Level 3.0 Short Blades
 - Level 1.0 Throwing
 + Level 1.0 Armour
 - Level 2.0 Dodging
 - Level 1.0 Stealth
 - Level 1.7 Shields
 * Level 2.5 Spellcasting
 + Level 2.0 Earth Magic
 - Level 1.0 Evocations


You had 8 spell levels left.
You knew the following spells:

 Your Spells              Type           Power      Damage    Failure   Level
a - Sandblast             Erth           16%        2d6       16%         1

Your spell library contained the following spells:

 Spells                   Type           Power      Damage    Failure   Level
 Sting                    Tmut/Pois      8%         1d3       34%         1
 Blink                    Tloc           4%         N/A       47%         2
 Ensorcelled Hibernation  Hex/Ice        4%         N/A       47%         2
 Poisonous Vapours        Pois/Air       4%         N/A       47%         2
 Stone Arrow              Conj/Erth      10%        3d7       56%         3
 Dazzling Flash           Conj/Hex       4%         N/A       71%         3
 Lesser Beckoning         Tloc           2%         N/A       71%         3
 Spider Form              Tmut/Pois      2%         N/A       71%         3
 Anguish                  Hex/Necr       1%         N/A       98%         4
 Olgreb's Toxic Radiance  Pois           2%         N/A       98%         4
 Agony                    Necr           2%         N/A       100%        5
 Manifold Assault         Tloc           2%         N/A       100%        5
 Silence                  Hex/Air        1%         N/A       100%        5


Dungeon Overview and Level Annotations

Branches:
Dungeon (3/15)

Altars:

Shops:
D:3 [

Annotations:
D:3 Crazy Yiuf


Innate Abilities, Weirdness & Mutations

You have a pair of small antennae on your head.
A weak demonic guardian rushes to your aid.
You regenerate magic rapidly.
When seriously injured, your blood forms armour. (AC +6)


Message History

The net rips apart, and Crazy Yiuf comes free!
You swap places.
Crazy Yiuf hits your iron imp with a +2 quarterstaff of chaos.
Your iron imp barely misses Crazy Yiuf.
Crazy Yiuf hits your iron imp with a +2 quarterstaff of chaos!
Crazy Yiuf freezes your iron imp.
Your iron imp dies!
Your iron imp disappears in a puff of smoke!
Aiming: Sandblast (safe; 16% risk of failure)
Press: ? - help, Q - select action Shift-Dir - straight line, f/p - Crazy Yiuf
Aim: Crazy Yiuf, wielding a +2 quarterstaff of chaos, wearing a +0 cloak and carrying a wand of light (12) (heavily wounded, 83% to hit)
The blast of sand hits Crazy Yiuf but does no damage.
Crazy Yiuf is heavily wounded.
Crazy Yiuf drinks a potion.
Crazy Yiuf is healed!
You completely miss Crazy Yiuf. You block Crazy Yiuf's attack.
You barely miss Crazy Yiuf. You block Crazy Yiuf's attack.
You closely miss Crazy Yiuf. Crazy Yiuf hits you but does no damage.
You closely miss Crazy Yiuf. You block Crazy Yiuf's attack.
You hit Crazy Yiuf.
Crazy Yiuf is lightly wounded.
Crazy Yiuf hits you but does no damage.
You feel agile all of a sudden.
You hit Crazy Yiuf.
Crazy Yiuf is lightly wounded.
Crazy Yiuf barely misses you.
You hit Crazy Yiuf but do no damage.
Crazy Yiuf is lightly wounded.
Crazy Yiuf zaps a wand.
The bolt of light hits you!
A demonic guardian appears!
You hit Crazy Yiuf.
Crazy Yiuf is lightly wounded.
Crazy Yiuf zaps a wand.
The bolt of light hits you.
* * * LOW HITPOINT WARNING * * *
Your quasit bites Crazy Yiuf but does no damage.
Your quasit claws Crazy Yiuf.
Your quasit closely misses Crazy Yiuf.
You hit Crazy Yiuf.
Crazy Yiuf is moderately wounded.
Crazy Yiuf hits you with a +2 quarterstaff of chaos!
* * * LOW HITPOINT WARNING * * *
You feel drained.
You die...

..........###########.....#
###.#.##### #.....## #.#.# #####
#......# #.#.# #)(.# #..>.#.####
#.#.# #...# #...<..).<# #.#.# ###
*...* #.........# #.#.# #.# *#5#*
#.>.......# #.#.# #.# #g##
#.........# ###.#.###.# ##@#
#.........# .####.##..# #.##
#.........# ...#####..# ##.#
#.........### ...†......# ##.##
###.#####.... ...†##....# ##...#
#..# #...... ....#..#..# #....#
##.## #....#≈ ...##.....# #....#
#..# #..†##≈
...#......#####..####.## #..#≈≈#
..##..............#...#####.≈#≈≈≈


You could see Crazy Yiuf (ally target) and a friendly quasit (summoned).

Vanquished Creatures
  An orc priest (D:3)
  An orc wizard (D:3)
  4 adders
  A worm (D:3)
  2 dart slugs
  2 orcs (D:3)
  10 ball pythons
  4 endoplasms
  2 giant cockroaches (D:2)
  4 goblins
  9 hobgoblins
  11 jackals
  3 quokkas
  5 bats
  7 frilled lizards
  2 kobolds
  4 rats (D:3)
72 creatures vanquished.

Vanquished Creatures (collateral kills)
  An endoplasm (D:1)
  A jackal (D:1)
  A quokka (D:3)
  A rat (D:3)
4 creatures vanquished.

Grand Total: 76 creatures vanquished

Notes
Turn   | Place    | Note
-------+----------+-------------------------------------------
     0 | D:1      | IdlyInterested the Demonspawn Wanderer began the quest for
                  | the Orb.
     0 | D:1      | IdlyInterested set off with the following items: a +2 short
                  | sword, a +0 buckler, a potion of might, a +0 robe; and the
                  | following spell memorised: Sandblast; and the following
                  | spells available to memorise: Stone Arrow.
     0 | D:1      | Reached XP level 1. HP: 13/13 MP: 2/2
    17 | D:1      | Found a faded altar of an unknown god.
   220 | D:1      | Gained mutation: A weak demonic guardian rushes to your
                  | aid. [demonic ancestry]
   220 | D:1      | Reached XP level 2. HP: 20/20 MP: 1/3
   234 | D:1      | Reached skill level 1 in Fighting
   267 | D:1      | Reached skill level 1 in Armour
  1062 | D:2      | Gained mutation: You regenerate magic rapidly. [demonic
                  | ancestry]
  1062 | D:2      | Reached XP level 3. HP: 21/27 MP: 2/4
  1139 | D:2      | Reached skill level 3 in Short Blades
  1331 | D:2      | Reached skill level 1 in Dodging
  1965 | D:2      | Gained mutation: You have a pair of small antennae on your
                  | head. [demonic ancestry]
  1965 | D:2      | Reached XP level 4. HP: 33/33 MP: 2/5
  2712 | D:3      | Gained mutation: When seriously injured, your blood forms
                  | armour. (AC +6) [demonic ancestry]
  2712 | D:3      | Reached XP level 5. HP: 23/38 MP: 4/8
  3038 | D:3      | Found Xeragim's Antique Armour Shop.
  3116 | D:3      | Found a runed translucent door.
  3117 | D:3      | Noticed Crazy Yiuf
  3259 | D:3      | Slain by Crazy Yiuf

Illustrated notes

Levels and vault maps discovered:
D:1:      minmay_arrival_up_and_down, layout_loops_ring, basic_ecumenical_altar
D:2:      layout_loops_ring
D:3:      minmay_skewed_foursquare, layout_rooms, serial_shops,
          nicolae_shop_overgrown_old_shop, glass_columns_b, minivault_4,
          uniq_crazy_yiuf_cottage

Skill      XL: |  1  2  3  4  5 |
---------------+----------------+-----
Fighting       | 1 2 |  2.0
Armour         | 1 |  1.0
Short Blades   | 3 |  3.0
Dodging        | 1 2 |  2.0
Spellcasting   | 2 |  2.5
Earth Magic    | 2 |  2.0
Throwing       | |  1.0
Stealth        | |  1.0
Shields        | |  1.7
Evocations     | |  1.0

Action                   |  1- 3 |  4- 6 || total
-------------------------+-------+-------++-------
Melee: Short sword       |   106 |   121 ||   227
Throw: Throwing net      |       |     2 ||     2
 Cast: Sandblast         |     9 |    12 ||    21
  Use: Scroll            |     4 |     2 ||     6
 Stab: Sleeping          |     2 |     1 ||     3
Armor: Robe              |     2 |       ||     2
       Ring mail         |     5 |       ||     5
       Leather armour    |     9 |    40 ||    49
Dodge: Dodged            |    39 |    73 ||   112
Block: Buckler           |    12 |    21 ||    33

Table legend: (Time is in decaauts)
 A = Elapsed time spent in this place.
 B = Non-inter-level travel time spent in this place.
 C = Inter-level travel time spent in this place.
 D = Time resting spent in this place.
 E = Time spent auto-exploring this place.
 F = Levels seen in this place.
 G = Mean time per level.
                   A        B        C        D        E       F      G
               +--------+--------+--------+--------+--------+-----+--------+
         Total |   3281 |   3151 |    130 |    416 |   2012 |   3 | 1093.7 |
       Dungeon |   3281 |   3151 |    130 |    416 |   2012 |   3 | 1093.7 |
               +--------+--------+--------+--------+--------+-----+--------+

Top non-repeatable levels by time:
     D:2: 1367 daAuts
     D:1: 1029 daAuts
     D:3: 884 daAuts
